cohdb
Replays
Latest Replays
All Replays
Popular Replays
Top Player Replays
Match Explorer
How It Works
Community
CoH3 Stats
Reddit
Sign in to upload your games and track your stats! →
Sign in with Steam
Match 41392419
Unlisted
Match 41392419
Overview
Messages
Build Orders
End
Construct Section Command Post
Selects Air and Sea Battlegroup
Infantry Section
ML 3-inch Mortar Team
Royal Engineer Section
Construct Platoon Command Post
Selects Commando Section Paradrop
Humber Armored Car
Humber Armored Car
Commando Section Paradrop
Construct Company Command Post
Selects Supply Surplus
Selects Commando Support Section Paradrop
Construct Field Infirmary
Matilda II Heavy Tank
Construct Field Infirmary
Matilda II Heavy Tank
Matilda II Heavy Tank
Armored Vehicle Training
Selects Incendiary Bombing Run
Construct Resource Cache
Commando Section Paradrop
Incendiary Bombing Run
Commando Section Paradrop
Commando Support Section Paradrop
jsuh.graphicart
miggy
Umut (ÇekirdekliKavun)
abesin
Naveed #No2IRGC
Movon⛑
Daratek
お前絶対殺すマン
0
0
Comments
sign in to comment!
No comments posted yet!